 Dungeon Crawl Stone Soup version 0.28-a0-630-g0357d9c091 (webtiles) character file.

Game seed: 17269405089587421130

2 Conn the Firebug (level 1, 0/11 HPs)
             Began as an Octopode Fire Elementalist on Oct 9, 2021.
             Slain by a hobgoblin (2 damage)
             ... on level 1 of the Dungeon.
             The game lasted 00:00:16 (149 turns).

Conn the Firebug (Octopode Fire Elementalist)        Turns: 149, Time: 00:00:17

Health: 0/11       AC:  1    Str:  7    XL:     1   Next: 30%
Magic:  0/3        EV: 10    Int: 17    God:
Gold:   11         SH:  0    Dex: 12    Spells: 3/4 levels left

rFire   . . .      SeeInvis .   (no weapon)
rCold   . . .      Faith    .   (no shield)
rNeg    . . .      Spirit   .   (helmet restricted)
rPois   +          Reflect  .   (no amulet)
rElec   .          Harm     .   a - ring of poison resistance
rCorr   .          Rampage  .   (no ring)
Will    .....                   (no ring)
Stlth   +++.......              (no ring)
HPRegen 0.03/turn               (no ring)
MPRegen 0.08/turn               (no ring)
                                (no ring)
                                (no ring)

@: very slightly contaminated, constricted
A: almost no armour, amphibious, 8 rings, camouflage 1, gelatinous body 1,
(nimble swimmer 1), tentacles
a: no special abilities


You were on level 1 of the Dungeon.
You visited 1 branch of the dungeon, and saw 1 of its levels.

You collected 11 gold pieces.

Inventory:

Jewellery
 a - a ring of poison resistance (left tentacle)
Scrolls
 b - a scroll of identify {unknown}


   Skills:
 + Level 2.0 Dodging
 + Level 2.6 Stealth
 + Level 2.0 Spellcasting
 + Level 1.0 Conjurations
 + Level 3.1 Fire Magic


You had 3 spell levels left.
You knew the following spells:

 Your Spells              Type           Power      Damage    Failure   Level
a - Foxfire               Conj/Fire      32%        2x1d5     9%          1

Your spell library contained the following spells:

 Spells                   Type           Power      Damage    Failure   Level
 Scorch                   Fire           24%        2d6       9%          2
 Conjure Flame            Conj/Fire      8%         6-21      26%         3
 Inner Flame              Hex/Fire       7%         N/A       30%         3
 Flame Wave               Conj/Fire      8%         3d4       63%         4


Dungeon Overview and Level Annotations

Branches:
Dungeon (1/15)

Altars:

Annotations:
D:1 1 runed translucent door


Innate Abilities, Weirdness & Mutations

You cannot wear most types of armour.
You are amphibious.
You can wear up to eight rings at the same time.
Your skin changes colour to match your surroundings (Stealth+).
Your rubbery body absorbs attacks. (AC +1, EV +1)
((You are camouflaged near water. (Stealth+)))
You have tentacles for arms and can constrict up to eight enemies at once.


Message History

Your foxfire dissipates!
The foxfire hits the endoplasm.
The endoplasm is heavily wounded.
The foxfire hits the endoplasm.
The endoplasm is severely wounded.
An endoplasm is nearby!
Your foxfire dissipates!
The foxfire hits the endoplasm.
You kill the endoplasm!
Unknown command.
Unknown command.
Magic restored.
Found a stone staircase leading down.
A hobgoblin comes into view.
The hobgoblin shouts!
You hear an angry hiss.
A ball python comes into view.
A ball python comes into view.
The ball python hisses angrily.
Unknown command.
Casting: Foxfire (safe; 9% risk of failure)
Confirm with . or Enter, or press ? or * to list all spells.
You conjure some foxfire!
The ball python hisses angrily.
The hobgoblin barely misses you. The ball python barely misses you. x2
Casting: Foxfire (safe; 9% risk of failure)
Confirm with . or Enter, or press ? or * to list all spells.
You miscast Foxfire.
You are very lightly contaminated with residual magic.
Nothing appears to happen.
The foxfire hits the hobgoblin.
The hobgoblin is lightly wounded.
The foxfire hits the ball python.
You kill the ball python!
The hobgoblin hits you. The ball python bites you.
* * * LOW HITPOINT WARNING * * *
The ball python grabs you. The ball python constricts you.
* * * LOW HITPOINT WARNING * * *
Casting: Foxfire (safe; 9% risk of failure)
Confirm with . or Enter, or press ? or * to list all spells.
You conjure some foxfire!
The hobgoblin hits you.
You die...

... ....# #.# #...# #
#.# #...# .# #.# #...#
.# #.# #...# #.## #.#
#...# ##...## #.#
#...#######.v...###
##.###..........@g......
.........######.vS...#.#
.........## #.....##
...#.##...#####..#.##
####.##.......>..#...
##.##...######.#####
#.......# #.# #.##....#
#.# #.#.....#


You could see a hobgoblin (ally target) and a ball python.

Vanquished Creatures
  An endoplasm (D:1)
  A ball python (D:1)
2 creatures vanquished.

Vanquished Creatures (others)
  7 foxfires (D:1)
7 creatures vanquished.

Grand Total: 9 creatures vanquished

Notes
Turn   | Place    | Note
-------+----------+-------------------------------------------
     0 | D:1      | Conn the Octopode Fire Elementalist began the quest for the
                  | Orb.
     0 | D:1      | Reached XP level 1. HP: 11/11 MP: 3/3
     1 | D:1      | Found a runed translucent door.
     3 | D:1      | Noticed a jelly
   149 | D:1      | Slain by a hobgoblin

Illustrated notes

Levels and vault maps discovered:
D:1:      dpeg_arrival_caged_fury, layout_loops_ring,
          hellmonk_ecumenical_altar_defaced_shrine, minmay_misc_feat_five,
          minmay_misc_feat_four_crosses

Action                   || total
-------------------------++-------
 Cast: Foxfire           ||     5
Dodge: Dodged            ||     3

Table legend: (Time is in decaauts)
 A = Elapsed time spent in this place.
 B = Non-inter-level travel time spent in this place.
 C = Inter-level travel time spent in this place.
 D = Time resting spent in this place.
 E = Time spent auto-exploring this place.
 F = Levels seen in this place.
 G = Mean time per level.
                   A        B        C        D        E       F      G
               +--------+--------+--------+--------+--------+-----+--------+
         Total |    148 |    148 |      0 |      0 |    120 |   1 |  148.0 |
       Dungeon |    148 |    148 |      0 |      0 |    120 |   1 |  148.0 |
               +--------+--------+--------+--------+--------+-----+--------+

Top non-repeatable levels by time:
     D:1: 148 daAuts
